 Dungeon Crawl Stone Soup version 0.17-a0-1164-g0ba867e (webtiles) character file.

20794 mefis231 the Arsonist (level 12, -9/68 HPs)
             Began as a Deep Elf Fire Elementalist on May 28, 2015.
             Was an Elder of Vehumet.
             Mangled by Rupert
             ... wielding a +0 battleaxe of venom
              (22 damage)
             ... on level 4 of the Lair of Beasts.
             The game lasted 01:20:33 (17629 turns).

mefis231 the Arsonist (Deep Elf Fire Elementalist) Turns: 17629, Time: 01:20:34

Health: -9/68      AC:  5    Str:  5    XL:     12   Next: 48%
Magic:  1/29       EV: 17    Int: 26    God:    Vehumet [****..]
Gold:   733        SH:  0    Dex: 15    Spells: 7 memorised, 12 levels left

rFire  + + +     SeeInvis .     R - staff of wizardry
rCold  + + .     Clarity  .     o - +1 robe {rC+}
rNeg   . . .     SustAt   .     (no shield)
rPois  +         Gourm    +     (no helmet)
rElec  .         Spirit   .     F - +0 cloak
rCorr  .         Warding  .     Z - +0 pair of gloves of Muut {rC+} (curse)
rMut   .         Stasis   .     (no boots)
MR     +....                    C - amulet of the gourmand
Stlth  ++........               S - ring "Huenaschetor" {*Drain rPois rF+++ rC+}
                                q - ring of fire

@: lethally poisoned (-9 -> -43), somewhat resistant to hostile enchantments,
unstealthy
A: no striking features
a: Renounce Religion


You were on level 4 of the Lair of Beasts.
You worshipped Vehumet.
Vehumet was greatly pleased with you.
You were full.

You visited 2 branches of the dungeon, and saw 13 of its levels.
You also visited: Sewer.

You collected 757 gold pieces.
You spent 24 gold pieces at shops.

Inventory:

Hand weapons
 k - a +1 rapier of speed
 n - a +0 dagger of holy wrath
Missiles
 e - 3 throwing nets
 f - 318 stones (quivered)
Armour
 o - a +1 robe of cold resistance (worn)
 F - a +0 cloak (worn)
 Z - the cursed +0 pair of gloves of Muut (worn) {rC+}
   (You found it on level 5 of the Lair of Beasts)

   It protects you from cold.
   It has a curse placed upon it.
Magical staves
 R - an uncursed staff of wizardry (weapon)
Jewellery
 d - a +2 ring of evasion
 l - a +3 ring of intelligence
 q - a ring of fire (left hand)
 t - an uncursed amulet of clarity
 u - a +6 ring of strength
 y - an uncursed ring of poison resistance
 C - an amulet of the gourmand (around neck)
 S - the ring "Huenaschetor" (right hand) {*Drain rPois rF+++ rC+}
   (You found it on level 2 of the Lair of Beasts)

   [ring of protection from cold]

   It renders you almost immune to fire.
   It protects you from cold.
   It protects you from poison.
   It causes draining when unequipped.
Magical devices
 r - a wand of confusion (23)
 x - a wand of disintegration (9)
 G - a wand of frost (21)
 P - a wand of draining (1)
 Q - a wand of fireball (2)
Scrolls
 a - a scroll of noise {unknown}
 b - a scroll of silence {unknown}
 h - 2 scrolls of teleportation
 i - 3 scrolls of enchant weapon {unknown}
 m - a scroll of magic mapping {unknown}
 p - 3 scrolls of amnesia {unknown}
 s - 2 scrolls of recharging {unknown}
 A - 2 scrolls of fear {unknown}
 B - a scroll of fog
 D - 5 scrolls of remove curse {unknown}
 J - 4 scrolls of identify
 O - a scroll of immolation {unknown}
Potions
 g - a potion of beneficial mutation {unknown}
 v - a potion of mutation {unknown}
 z - 2 potions of agility {unknown}
 E - 7 potions of haste
 L - 2 potions of might {unknown}
 M - 2 potions of magic {unknown}
 N - a potion of lignification {unknown}
 U - 2 potions of degeneration {unknown}
 V - a potion of cure mutation {unknown}
 X - a potion of berserk rage {unknown}
Books
 c - a book of Callings

   Spells                             Type                      Level
   a - Summon Small Mammal            Summoning                    1
   b - Call Imp                       Summoning                    2
   c - Call Canine Familiar           Summoning                    3
   d - Summon Guardian Golem          Hexes/Summoning              3
   e - Summon Lightning Spire         Summoning/Air                4
   f - Summon Ice Beast               Ice/Summoning                4
 Y - Bypax's Collected Works on Creative Orientation
   (You found it on level 3 of the Lair of Beasts)

   Spells                             Type                      Level
   a - Apportation                    Translocation                1
   b - Shroud of Golubria             Charms/Translocation         2
   c - Gell's Gravitas                Hexes/Translocation          3
   d - Recall                         Summoning/Translocation      3
   e - Summon Forest                  Summoning/Translocation      5
Comestibles
 j - 7 fruits
 I - 2 beef jerkies
 T - 4 meat rations
 W - 3 slices of pizza


   Skills:
 + Level 5.0 Fighting
 + Level 7.9 Dodging
 - Level 2.4 Stealth
 + Level 11.2 Spellcasting
 * Level 13.0 Conjurations
 * Level 13.2 Fire Magic


You had 12 spell levels left.
You knew the following spells:

 Your Spells              Type           Power        Failure   Level  Hunger
a - Flame Tongue          Conj/Fire      #####        1%          1    None
b - Conjure Flame         Conj/Fire      #######.     1%          3    None
c - Sticky Flame          Conj/Fire      #######.     1%          4    None
d - Fireball              Conj/Fire      #######...   1%          5    ###....
e - Iskenderun's Battles  Conj/Chrm      #####...     1%          5    ###....
f - Shroud of Golubria    Chrm/Tloc      ##........   4%          2    None
g - Apportation           Tloc           ##........   1%          1    None


Dungeon Overview and Level Annotations

Branches:
Dungeon (8/15)             Temple (0/1) D:6            Lair (5/8) D:8
 Spider (0/4) Lair:3
  Swamp: Lair:3-6    Shoals: Lair:3-6

Altars:
Ashenzari
Cheibriados
Dithmenos
Elyvilon
Fedhas
Kikubaaqudgha
Ru
Sif Muna
Vehumet

Shops:
D:4 *   D:8 [

Annotations:
Lair:4 Josephine, Rupert


Message History

Rupert burns!
Rupert barely misses you.
Drink which item? (? for menu, Esc to quit)
You feel much better.
You feel sick.
Rupert hits you with a battleaxe of venom!
You are lethally poisoned!
You feel very sick.
Rupert burns!
Rupert barely misses you.
* * * LOW HITPOINT WARNING * * *
You feel very sick.
Rupert burns!
* * * LOW HITPOINT WARNING * * *
You feel very sick.
Rupert burns!
Drink which item? (? for menu, Esc to quit)
You feel magically purged.
* * * LOW HITPOINT WARNING * * *
You feel very sick.
Rupert burns!
Rupert hits you with a battleaxe of venom!!
You die...

##....P#.......#... ........P#
#............##...# ....#...##
#.....##P....##...# ...#.....#
#P.....####P..##...##+##.##...##
##....##......##....#..........#
#.............................##
...............................##
......$.......Y.................#
..............Y@@.......Y.......#
. #........#.YP..........@......#
P #.....P###..###...##'.##..##.##
# #............##...##.##.#.##.#
P##......#.Y...##...#P.......+.##
##.......#..................#...#
##..............#...##......#...#
##.......#......#...#.####.##...#
.##.r....#..#.##......# .. #...#


You could see Rupert (berserk) and 4 elephants.

Vanquished Creatures
  Harold (Lair:3)
  Erolcha (D:8)
  An orb spider (Lair:3)
  An oklob plant (Lair:4)
  3 black mambas
  A manticore (D:7)
  5 elephants (Lair:4)
  Joseph (D:8)
  4 komodo dragons
  5 spiny frogs
  Prince Ribbit (D:5)
  4 wandering mushrooms (D:8)
  4 wraiths
  A deep elf fighter (D:8)
  18 yaks
  2 basilisks
  4 hippogriffs
  8 wolves
  4 sky beasts
  2 ice beasts
  2 orc warriors (D:8)
  3 porcupines
  8 water moccasins
  An eye of draining (D:8)
  9 ogres
  7 necrophages (Lair:3)
  3 centaurs
  5 crocodiles
  7 giant frogs
  4 scorpions
  2 oklob saplings (D:8)
  An electric eel (Lair:2)
  10 wights
  2 vampire bats (Lair:2)
  A crimson imp (D:5)
  A centaur zombie (D:4)
  4 jellies
  A centaur skeleton (D:7)
  2 hounds
  5 iguanas
  3 orc priests
  8 orc wizards
  2 hell rats (Lair:2)
  3 worker ants
  A hound zombie (D:8)
  A hound skeleton (D:7)
  A worker ant zombie (D:7)
  10 gnolls
  12 adders
  31 river rats
  2 shadow imps
  An ooze (D:2)
  3 worms
  29 orcs
  A bat skeleton (D:7)
  3 giant cockroaches
  15 goblins
  9 hobgoblins
  24 jackals
  15 kobolds
  3 ball pythons (Sewer)
  23 bats
  7 giant geckos
  A giant gecko skeleton (D:8)
  6 giant newts
  2 jackal skeletons
  6 quokkas
  2 quokka skeletons (D:7)
  23 rats
  6 fungi
  5 plants
407 creatures vanquished.

Vanquished Creatures (others)
  6 fungi (D:8)
  4 plants
10 creatures vanquished.

Grand Total: 417 creatures vanquished

Notes
Turn   | Place    | Note
--------------------------------------------------------------
     0 | D:1      | mefis231 the Deep Elf Fire Elementalist began the quest for the Orb.
     0 | D:1      | Reached XP level 1. HP: 10/10 MP: 6/6
   188 | D:1      | Reached XP level 2. HP: 15/15 MP: 2/8
   959 | D:1      | Reached XP level 3. HP: 19/19 MP: 6/9
   964 | D:1      | Learned a level 3 spell: Conjure Flame
  1725 | D:2      | Reached skill level 4 in Fire Magic
  1910 | D:3      | Reached XP level 4. HP: 24/24 MP: 5/11
  2062 | D:2      | Learned a level 4 spell: Sticky Flame
  2310 | D:3      | Reached XP level 5. HP: 11/28 MP: 3/13
  2763 | D:3      | Reached skill level 5 in Fire Magic
  2936 | D:4      | Found Dytsud's General Store.
  2939 | D:4      | Bought a scroll of fog for 24 gold pieces
  3146 | D:4      | Noticed an ogre
  3157 | D:4      | Killed an ogre
  3157 | D:4      | Reached XP level 6. HP: 32/32 MP: 2/14
  3164 | D:4      | Learned a level 5 spell: Fireball
  3439 | D:4      | Noticed an ogre
  3444 | D:4      | Killed an ogre
  3444 | D:4      | Reached skill level 6 in Fire Magic
  3834 | D:4      | Found a sacrificial altar of Ru.
  4120 | D:5      | Entered Level 5 of the Dungeon
  4158 | D:5      | Reached skill level 5 in Conjurations
  4277 | D:5      | Reached XP level 7. HP: 36/36 MP: 12/16
  4316 | D:5      | Reached skill level 5 in Spellcasting
  4457 | D:5      | Noticed Prince Ribbit
  4468 | D:5      | Killed Prince Ribbit
  4710 | D:5      | Found a white marble altar of Elyvilon.
  4754 | D:5      | Reached skill level 7 in Fire Magic
  4981 | D:5      | Reached XP level 8. HP: 41/41 MP: 14/18
  5463 | D:5      | Found a radiant altar of Vehumet.
  5472 | D:5      | Became a worshipper of Vehumet
  5889 | D:5      | Reached skill level 8 in Fire Magic
  6492 | D:6      | Found a staircase to the Ecumenical Temple.
  6561 | D:6      | Found a glowing drain.
  6570 | Sewer    | Entered a sewer
  6581 | Sewer    | Acquired Vehumet's first power
  6581 | Sewer    | Offered knowledge of Shock by Vehumet.
  7402 | D:6      | Found a white marble altar of Elyvilon.
  7606 | D:7      | Found a shadowy altar of Dithmenos.
  7843 | D:7      | Reached skill level 9 in Fire Magic
  7843 | D:7      | Reached XP level 9. HP: 45/45 MP: 13/21
  7924 | D:7      | Found an ancient bone altar of Kikubaaqudgha.
  8129 | D:7      | Found a deep blue altar of Sif Muna.
  8131 | D:7      | Offered knowledge of Throw Frost by Vehumet.
  8435 | D:7      | Noticed a manticore
  8440 | D:7      | Killed a manticore
  8440 | D:7      | Reached skill level 1 in Fighting
  9178 | D:8      | Noticed Joseph
  9327 | D:8      | HP: 1/47 [Joseph/sling bullet (13)]
  9946 | D:8      | Killed Joseph
  9946 | D:8      | Offered knowledge of Ignite Poison by Vehumet.
  9946 | D:8      | Reached skill level 10 in Fire Magic
 10390 | D:8      | Acquired Vehumet's second power
 10488 | D:8      | Noticed Erolcha
 10492 | D:8      | Killed Erolcha
 10492 | D:8      | Reached XP level 10. HP: 50/53 MP: 6/24
 10668 | D:8      | Offered knowledge of Mephitic Cloud by Vehumet.
 10678 | D:8      | Reached skill level 10 in Conjurations
 10855 | D:8      | Learned a level 5 spell: Iskenderun's Battlesphere
 10902 | D:8      | Found a staircase to the Lair.
 11098 | D:8      | Reached skill level 5 in Dodging
 11290 | D:8      | Reached skill level 11 in Fire Magic
 11457 | D:8      | Found a blossoming altar of Fedhas.
 11574 | D:8      | Acquired Vehumet's third power
 11864 | D:8      | Found a shattered altar of Ashenzari.
 11896 | D:8      | Saw a vision of the Shoals and the Spider Nest.
 11922 | D:8      | Found Fecav's Armour Shop.
 11995 | Lair:1   | Entered Level 1 of the Lair of Beasts
 11999 | Lair:1   | Offered knowledge of Throw Icicle by Vehumet.
 12178 | Lair:1   | Reached XP level 11. HP: 60/60 MP: 16/26
 13250 | Lair:2   | Got a glittering iron ring
 13395 | Lair:2   | Reached skill level 10 in Spellcasting
 13532 | Lair:2   | Identified the ring "Huenaschetor" {*Drain rPois rF+++ rC+} (You found it on level 2 of the Lair of Beasts)
 13741 | Lair:2   | You fall through a shaft!
 13742 | Lair:3   | Reached skill level 12 in Fire Magic
 13750 | Lair:3   | Offered knowledge of Poison Arrow by Vehumet.
 14002 | Lair:3   | Identified Bypax's Collected Works on Creative Orientation
 15190 | Lair:3   | Found a hole to the Spider Nest.
 15301 | Lair:3   | Noticed Harold
 15345 | Lair:3   | Killed Harold
 15345 | Lair:3   | Reached XP level 12. HP: 58/67 MP: 17/28
 15697 | Lair:4   | Found a snail-covered altar of Cheibriados.
 15752 | Lair:4   | Noticed Rupert
 15756 | Lair:4   | Paralysed by Rupert for 7 turns
 15905 | Lair:4   | Noticed Josephine
 16014 | Lair:5   | Got a pair of warped gloves
 16020 | Lair:5   | Identified the cursed +0 pair of gloves of Muut {rC+} (You found it on level 5 of the Lair of Beasts)
 16695 | Lair:4   | Reached skill level 13 in Fire Magic
 17227 | Lair:4   | Reached skill level 5 in Fighting
 17369 | Lair:4   | Learned a level 2 spell: Shroud of Golubria
 17371 | Lair:4   | Learned a level 1 spell: Apportation
 17629 | Lair:4   | Mangled by Rupert

Vault maps used:
D:1:      ncdulo_smallfort, minmay_splitting_lines, grunt_decor_mini_mirrors
D:2:      nicolae_underground_beach
D:3:      first_bread
D:4:      nicolae_ru_sacrificial_ziggurat, serial_shops,
          nicolae_shop_behind_doors, minivault_4
D:5:      old_standard_altar, lemuel_crystal_altar, serial_bayou_lagoon_b,
          uniq_prince_ribbit1
D:6:      minmay_temple_entry_statues_pillars, portal_sewer_entry_d,
          elyvilon_altar_1
D:7:      lemuel_doored_altar, lemuel_round_altar, kennysheep_little_box,
          minmay_three_doors
D:8:      grunt_lair_entry_elf_guard_hut, serial_shops, shop,
          hangedman_tree_tricks, grunt_ashenzari_visionary, uniq_joseph,
          uniq_erolcha
Lair:1:   cheibrodos_lair_reptile_den
Lair:2:   kennysheep_rathole, roderic_batcave, serial_bayou_shore_a,
          infiniplex_staircase_pool_2
Lair:3:   nicolae_spider_entry_orb_guardian, columned_hall_lemuel,
          roderic_carrion_pond, uniq_harold
Lair:4:   lemuel_oklob_altar, grunt_megastairs_2, lemuel_fruit_tree,
          uniq_josephine, uniq_rupert
Lair:5:   serial_bayou_crossing, grunt_megastairs_3, serial_bayou_shore_b,
          serial_bayou_shore_b
Sewer:    sewer_co_scattered_pipes

Action                   |  1- 3 |  4- 6 |  7- 9 | 10-12 || total
-------------------------+-------+-------+-------+-------++-------
Melee: Dagger            |       |    25 |       |       ||    25
       Short sword       |       |       |    98 |       ||    98
       Staff             |       |       |       |     1 ||     1
 Cast: Flame Tongue      |    74 |   121 |   239 |   226 ||   660
       Conjure Flame     |     3 |     6 |     5 |     5 ||    19
       Sticky Flame      |       |     1 |    17 |    43 ||    61
       Fireball          |       |       |    35 |    81 ||   116
       Iskenderun's Batt |       |       |       |    32 ||    32
Evoke: Wand              |       |       |     2 |    11 ||    13
  Use: Scroll            |       |     3 |     3 |    10 ||    16
       Potion            |       |       |     1 |     6 ||     7
  Eat: Chunk             |     3 |     8 |    39 |    33 ||    83
       Fruit             |       |       |       |     2 ||     2
